 Dungeon Crawl Stone Soup version 0.31-a0-233-g139696dc86 (webtiles) character file.

Game seed: 6938933764128607599

70 qw the Shooter (level 4, -2/26 HPs)
             Began as a Gargoyle Hexslinger on July 7, 2023.
             Slain by a kobold
             ... wielding a +0 dagger
              (3 damage)
             ... on level 2 of the Dungeon.
             The game lasted 00:00:36 (1252 turns).

qw the Shooter (Gargoyle Hexslinger)                Turns: 1252, Time: 00:00:37

Health: -2/26      AC:  5    Str: 12    XL:     4   Next: 22%
Magic:  5/5        EV: 12    Int: 13    God:
Gold:   90         SH:  0    Dex: 14    Spells: 4/5 levels left

rFire   . . .        Y - +2 sling
rCold   . . .        (no shield)
rNeg    + . .        c - +0 robe
rPois   inf          (no helmet)
rElec   +            (no cloak)
rCorr   .            (no gloves)
SInv    .            (no boots)
Will    .....        (no amulet)
Stlth   +            (no ring)
HPRegen 0.24/turn    (no ring)
MPRegen 0.09/turn

%: no passive effects
@: no status effects
A: sickness immunity, AC +3, negative energy resistance 1, electricity
resistance, torment resistance 1, petrification resistance
a: no special abilities


You were on level 2 of the Dungeon.
You visited 1 branch of the dungeon, and saw 2 of its levels.

You collected 90 gold pieces.


Innate Abilities, Weirdness & Mutations

You are immune to sickness and miasma.
Your stone body is resilient. (AC +3)
You are immune to poison.
You resist negative energy. (rN+)
You are resistant to electric shocks. (rElec)
You are resistant to unholy torment.
You are immune to petrification.


   Skills:
 - Level 2.0 Fighting
 + Level 4.0 Ranged Weapons
 - Level 1.5 Dodging
 - Level 1.0 Spellcasting
 - Level 2.6 Hexes


You had 4 spell levels left.
You knew the following spells:

 Your Spells              Type           Power      Damage    Failure   Level
a - Slow                  Hex            28%        N/A       10%         1

Your spell library contained the following spells:

 Spells                   Type           Power      Damage    Failure   Level
 Inner Flame              Hex/Fire       4%         N/A       43%         3
 Portal Projectile        Hex/Tloc       8%         N/A       43%         3
 Cause Fear               Hex            3%         N/A       67%         4

Inventory:

Hand Weapons
 Y - a +2 sling (weapon)
Armour
 c - a +0 robe (worn)
Jewellery
 k - a ring of ice
Scrolls
 a - a scroll of identify
 b - a scroll of fear {unknown}
Potions
 f - a potion of heal wounds {unknown}
 h - a potion of might {unknown}
 i - a potion of attraction {unknown}
 l - a potion of cancellation {unknown}

Dungeon Overview and Level Annotations

Branches:
Dungeon (2/15)

Altars:


Message History

The adder is lightly wounded.
The adder bites you but does no damage. The rat bites you.
The adder bites you but does no damage.
You shoot a sling bullet.
The sling bullet barely misses the adder.
The rat barely misses you. The adder barely misses you.
A ball python comes into view.
You shoot a sling bullet.
The sling bullet completely misses the adder.
The adder hisses angrily.
The ball python hisses angrily.
The adder bites you but does no damage. The rat barely misses you.
The adder bites you but does no damage.
A goblin comes into view. It is wielding a +0 dagger.
The rat bites you but does no damage.
You shoot a sling bullet. The sling bullet misses the adder.
The goblin shouts!
The adder barely misses you. The rat bites you.
The kobold hits you but does no damage.
You shoot a sling bullet.
The sling bullet closely misses the adder.
The adder bites you.
A quokka comes into view.
The adder closely misses you. The rat barely misses you.
The kobold hits you but does no damage.
You shoot a sling bullet. The sling bullet hits the adder.
The adder is moderately wounded.
A bat comes into view.
The adder barely misses you. The kobold hits you but does no damage.
The rat barely misses you.
The frilled lizard unfolds its giant frill.
The bat moves out of view.
You shoot a sling bullet.
The sling bullet barely misses the adder.
The rat bites you but does no damage. The kobold misses you.
The adder barely misses you. The adder completely misses you.
You shoot a sling bullet. The sling bullet misses the adder.
The adder barely misses you. The adder bites you. The rat closely misses you.
The kobold hits you but does no damage. The adder closely misses you.
The kobold hits you with a +0 dagger.
You die...

.#.# #.#.##.#
#.##.#.####### .#..
#.#.##.# #.##.#.## ..##
#.# #.. #.##..#.##### .
##.. #.##.###....## ...
#..#....%.. #..
#.#.#.##### .####.S
#.#.#.# #
......r#######.....# #
....rlK@.........#.# #
.....gSS....######.#####
.##...#####.# #......
##.. #.# ####.## #. #.#
#.# #. #.# #.# . #.# #.#
.. #.# #.# ###########
#.#


You could see 2 adders, a quokka, a goblin, a ball python, a kobold, a frilled
lizard and a rat.

Vanquished Creatures
  2 adders (D:2)
  A worm (D:2)
  A dart slug (D:1)
  4 bats
  2 endoplasms
  A giant cockroach (D:1)
  7 hobgoblins (D:1)
  9 kobolds
  2 quokkas (D:1)
  A ball python (D:1)
  9 frilled lizards
  5 goblins (D:1)
  2 rats
46 creatures vanquished.

Notes
Turn   | Place    | Note
-------+----------+-------------------------------------------
     0 | D:1      | qw the Gargoyle Hexslinger began the quest for the Orb.
     0 | D:1      | Reached XP level 1. HP: 12/12 MP: 2/2
     0 | D:1      | 0 ||| qw: Version: 0.3-a-46-gb1f654a
     0 | D:1      | 0 ||| qw: Game counter: 3300
     0 | D:1      | 0 ||| qw: Melee chars always use a shield: true
     0 | D:1      | 0 ||| qw: God list: Okawaru
     0 | D:1      | 0 ||| qw: Allow faded altars: false
     0 | D:1      | 0 ||| qw: Do Orc after clearing Dungeon:15 true
     0 | D:1      | 0 ||| qw: Do second Lair branch before Depths: true
     0 | D:1      | 0 ||| qw: Lair rune preference: random
     0 | D:1      | 0 ||| qw: Goals: Normal
     0 | D:1      | 0 ||| PLANNING D:1-11
   185 | D:1      | Reached XP level 2. HP: 16/16 MP: 3/3
   291 | D:1      | Reached skill level 3 in Ranged Weapons
   403 | D:1      | Reached XP level 3. HP: 21/21 MP: 4/4
   876 | D:1      | 876 ||| READING 2 scrolls labelled ROCZACZIAL.
   877 | D:1      | 877 ||| READING scroll labelled XAVOUSHR EKKAPT.
   878 | D:1      | 878 ||| READING scroll labelled OSESUT UKHYCU.
   879 | D:1      | 879 ||| DRINKING 3 blue potions.
   880 | D:1      | 880 ||| DROPPING scroll of poison.
   881 | D:1      | 881 ||| DROPPING 2 potions of brilliance.
  1055 | D:2      | 1055 ||| FLEEEEING.
  1172 | D:2      | Reached XP level 4. HP: 26/26 MP: 5/5
  1241 | D:2      | Reached skill level 4 in Ranged Weapons
  1249 | D:2      | HP: 3/26 [adder (4)]
  1252 | D:2      | HP: 1/26 [adder (3)]
  1252 | D:2      | Slain by a kobold

Levels and vault maps discovered:
D:1:      dpeg_arrival_simpleton_b, layout_loops_ring, minmay_misc_feat_roman
D:2:      layout_loops_ring, minmay_ruptured, uniq_crazy_yiuf_cottage

Skill      XL: |  1  2  3  4 |
---------------+-------------+-----
Ranged Weapons | 3 4 |  4.0
Fighting       | 2 |  2.0
Dodging        | |  1.5
Spellcasting   | |  1.0
Hexes          | |  2.6

Action                     |  1- 3 |  4- 6 || total
---------------------------+-------+-------++-------
   Fire: Sling             |   143 |    33 ||   176
    Use: Scroll            |     3 |       ||     3
         Potion            |     1 |       ||     1
 Armour: Robe              |    23 |    24 ||    47
  Dodge: Dodged            |    40 |    38 ||    78

Table legend:
 A = Non-vault XP
 B = Vault XP
 C = Vault XP percentage of total XP
 D = Non-vault monster count
 E = Vault monster count
 F = Vault count percentage of total count
                 A         B        C        D         E       F
            +---------+---------+-------+---------+---------+-------
      Total |     100 |       1 |   1.0 |      45 |       1 |   2.2
            +---------+---------+-------+---------+---------+-------
        D:1 |      51 |       0 |   0.0 |      29 |       0 |   0.0
        D:2 |      49 |       1 |   2.0 |      16 |       1 |   5.9
            +---------+---------+-------+---------+---------+-------
